 Dungeon Crawl Stone Soup version 0.27.1-34-g3ba077fa99 (webtiles) character file.

Game seed: 1799658576046112043

197 chibimon the Conjurer (level 5, -1/41 HPs)
             Began as a Draconian Conjurer on Jan 4, 2022.
             Slain by Edmund (6 damage)
             ... on level 4 of the Dungeon.
             The game lasted 00:08:09 (2995 turns).

chibimon the Conjurer (Draconian Conjurer)          Turns: 2995, Time: 00:08:10

Health: -1/41      AC:  6    Str:  9    XL:     5   Next: 46%
Magic:  4/9        EV: 11    Int: 20    God:
Gold:   83         SH:  3    Dex:  9    Spells: 6/9 levels left

rFire    + . .     SeeInvis .   b - +0 short sword (freeze)
rCold    . . .     Faith    .   h - +0 buckler {rF+}
rNeg     . . .     Spirit   .   (armour unavailable)
rPois    .         Reflect  .   (helmet restricted)
rElec    .         Harm     .   (no cloak)
rCorr    .         Rampage  .   m - +0 pair of gloves
Will     .....                  (no boots)
Stlth    ++........             (no amulet)
HPRegen  0.13/turn              (no ring)
MPRegen  0.11/turn              (no ring)

@: weak-willed
A: AC +5, unfitting armour, cold-blooded
a: no special abilities


You were on level 4 of the Dungeon.
You visited 1 branch of the dungeon, and saw 4 of its levels.

You collected 111 gold pieces.
You spent 28 gold pieces at shops.

Inventory:

Hand Weapons
 b - a +0 short sword of freezing (weapon)
 k - a +0 halberd
Armour
 h - a +0 buckler of fire resistance (worn)
 m - a +0 pair of gloves (worn)
Jewellery
 n - a ring of flight
Wands
 e - a wand of paralysis (9)
Scrolls
 d - 3 scrolls of identify
 f - a scroll of enchant armour {unknown}
 g - a scroll of fog {unknown}
 i - 2 scrolls of magic mapping {unknown}
 l - a scroll of summoning {unknown}
Potions
 j - a potion of attraction {unknown}


   Skills:
 * Level 1.7 Fighting
 + Level 2.6 Dodging
 + Level 2.7 Stealth
 * Level 1.5 Shields
 + Level 2.8 Spellcasting
 + Level 4.5 Conjurations
 + Level 1.0 Evocations


You had 6 spell levels left.
You knew the following spells:

 Your Spells              Type           Power      Damage    Failure   Level
a - Magic Dart            Conj           84%        1d7       3%          1
b - Searing Ray           Conj           42%        3d4       4%          2

Your spell library contained the following spells:

 Spells                   Type           Power      Damage    Failure   Level
 Dazzling Flash           Conj/Hex       24%        N/A       22%         3
 Stone Arrow              Conj/Erth      24%        3d8       22%         3
 Slow                     Hex            2%         N/A       30%         2
 Confusing Touch          Hex            2%         N/A       52%         3
 Portal Projectile        Hex/Tloc       4%         N/A       52%         3
 Fulminant Prism          Conj/Hex       6%         3d7       58%         4
 Iskenderun's Mystic Bla  Conj/Tloc      12%        2d5       58%         4
 Bolt of Magma            Conj/Fire/Erth 4%         4d5       96%         5
 Blade Hands              Tmut           1%         N/A       99%         5
 Excruciating Wounds      Necr           1%         N/A       99%         5
 Yara's Violent Unravell  Hex/Tmut       1%         3d3       99%         5
 Shatter                  Erth           1%         3d5*      100%        9


Dungeon Overview and Level Annotations

Branches:
Dungeon (4/15)
 Temple: D:4-7

Altars:

Shops:
D:2 ?

Annotations:
D:4 Edmund


Innate Abilities, Weirdness & Mutations

Your plain brown scales are hard. (AC +5)
You cannot fit into any form of body armour.
You are cold-blooded and may be slowed by cold attacks.


Message History

A giant cockroach comes into view.
Found a metallic green potion.
An orc wizard comes into view. It is wielding a +0 dagger.
The orc wizard shouts!
Casting: Searing Ray (safe; 4% risk of failure)
Confirm with . or Enter, or press ? or * to list all spells.
Aiming: Searing Ray (safe; 4% risk of failure)
Press: ? - help, Shift-Dir - straight line, f - Edmund
Aim: Edmund, wielding a +3 vorpal dire flail and wearing a +0 scale mail (fast, 81% to hit)
The searing ray hits Edmund.
Edmund is lightly wounded. (Press . to maintain the ray.) Edmund hits you but does no damage.
The searing ray hits Edmund.
Edmund is lightly wounded.
Edmund hits you with a +3 vorpal dire flail.
Edmund hits you but does no damage.
The searing ray hits Edmund but does no damage.
Edmund is lightly wounded.
Edmund hits you with a +3 vorpal dire flail!
The searing ray hits Edmund.
Edmund is lightly wounded.
The searing ray hits the orc wizard!
The orc wizard is heavily wounded.
You finish channeling your searing ray.
Edmund closely misses you.
Edmund hits you with a +3 vorpal dire flail!
* * * LOW HITPOINT WARNING * * *
x2
As you read the scroll labelled KOQABRUWIF, it crumbles to dust.
Magic quickly surges around you.
It was a scroll of vulnerability.
You block Edmund's attack.
An orc comes into view. It is wielding a +0 hand axe.
The orc wizard casts a spell.
The orc wizard flickers and vanishes!
Deactivating autopickup; reactivate with Ctrl-A.
As you read the scroll labelled RAMNEUSIC, it crumbles to dust.
It is a scroll of brand weapon.
Your +0 short sword is covered with a thin layer of ice!
b - a +0 short sword of freezing (weapon)
Edmund hits you with a +3 vorpal dire flail.
You die...

.# .. B# #.# .#. #.#
.#o #.###.#.#
#.#...#.# #.##.##.#
##+##+#......o######
?.........#.##{@@!.#
..........#.##.###.#
..........#....# #
..$.......######
.....@.#### .......#
..<....# .......#
..(.....#


You could see Edmund (fast, weak-willed) and an orc (wandering).

Vanquished Creatures
  An ogre (D:3)
  A jelly (D:3)
  3 adders
  A worm (D:2)
  3 dart slugs
  4 bats
  5 endoplasms
  2 giant cockroaches
  2 goblins (D:2)
  3 hobgoblins
  4 kobolds
  5 quokkas
  7 ball pythons
  A frilled lizard (D:3)
  5 rats
47 creatures vanquished.

Notes
Turn   | Place    | Note
-------+----------+-------------------------------------------
     0 | D:1      | chibimon the Draconian Conjurer began the quest for the
                  | Orb.
     0 | D:1      | Reached XP level 1. HP: 14/14 MP: 3/3
   315 | D:1      | Reached XP level 2. HP: 20/20 MP: 1/5
   365 | D:1      | Learned a level 2 spell: Searing Ray
   771 | D:1      | Found a faded altar of an unknown god.
  1398 | D:2      | Reached XP level 3. HP: 19/26 MP: 0/6
  1691 | D:2      | Found Uromucuc's Magic Scroll Shoppe.
  1699 | D:2      | Bought a scroll of identify for 28 gold pieces
  2552 | D:3      | Reached XP level 4. HP: 34/34 MP: 2/7
  2746 | D:3      | Noticed an ogre
  2755 | D:3      | Killed an ogre
  2756 | D:3      | Reached skill level 1 in Fighting
  2756 | D:3      | Reached skill level 1 in Shields
  2756 | D:3      | Reached XP level 5. HP: 40/40 MP: 1/9
  2917 | D:3      | Reached skill level 1 in Evocations
  2974 | D:4      | Noticed Edmund
  2995 | D:4      | Slain by Edmund

Illustrated notes

Levels and vault maps discovered:
D:1:      lightli_arrival_quake, layout_loops_ring, basic_ecumenical_altar,
          serial_co_window_serial, co_window_paths_b, co_window_paths_b,
          co_window_corner_a, co_window_cross_1, co_window_of_opportunity_a,
          co_window_of_opportunity_c, co_window_of_opportunity_b,
          co_window_corner_b, co_window_of_opportunity_b, co_window_paths_c,
          co_window_4corner_b, glass_columns_b, glass_columns_a,
          minmay_fountain_box
D:2:      layout_loops_cross, serial_shops, nicolae_shop_stone,
          kennysheep_generic_room_14
D:3:      layout_basic, chequers_hall_statues_wall_a, mrwooster_statue_mirror
D:4:      layout_basic, enter_ossuary_3, uniq_edmund

Skill      XL: |  1  2  3  4  5 |
---------------+----------------+-----
Dodging        | 2 |  2.6
Stealth        | 2 |  2.7
Fighting       | 1 |  1.7
Shields        | 1 |  1.5
Evocations     | 1 |  1.0
Spellcasting   | |  2.8
Conjurations   | |  4.5

Action                   |  1- 3 |  4- 6 || total
-------------------------+-------+-------++-------
Melee: Short sword       |    40 |    14 ||    54
       Tailslap          |     1 |       ||     1
 Cast: Magic Dart        |    29 |     6 ||    35
       Searing Ray       |    11 |     3 ||    14
  Use: Scroll            |       |     2 ||     2
 Stab: Sleeping          |     3 |     1 ||     4
Armor: Skin              |     9 |     6 ||    15
Dodge: Dodged            |    25 |     8 ||    33
Block: Buckler           |       |     3 ||     3
